[Event "8th Montevideo Open 2025"]
[Site "Montevideo"]
[Date "2025.02.01"]
[Round "2.4"]
[White "Martello, Benjamin"]
[Black "Hoffman, Alejandro"]
[Result "0-1"]
[Annotator "TA"]
[ECO "A07"]
[WhiteElo "1968"]
[BlackElo "2368"]
[PlyCount "70"]
[EventDate "2025.02.01"]
[EventType "swiss"]
[EventCountry "URU"]
[SourceTitle "playchess.com"]
[Source "ChessBase"]
[SourceQuality "1"]
[TimeControl "5400+30"]

1. Nf3 g6 2. g3 Bg7 3. Bg2 e5 4. d3 d5 5. O-O Ne7 6. e4 O-O 7. exd5 Nxd5 8. Re1 {[%emt 0:00:23] A07: Réti Opening: New York and Capablanca Systems.} Nc6 9. c3 h6 10. Nbd2 {[%emt 0:03:15] The position is equal.} Nb6 11. Nb3 Re8 $146 (11... a5 12. a4 g5 13. Nc5 Nd7 14. Be3 Qe7 15. Nxd7 Bxd7 16. d4 e4 17. d5 Nd8 {1-0 Nikolaou,G (2257)-Ikonomopoulou,M (2029) Athens Acropolis op 2007 (4.36)}) 12. d4 exd4 13. Rxe8+ Qxe8 14. Nbxd4 Nxd4 15. Nxd4 c6 16. Bf4 g5 17. Bc1 Bd7 18. Nb3 Rd8 19. Bf1 {[%emt 0:02:24] [#]} Bh3 $1 20. Bd2 Bf5 (20... Be6 $15 21. Qc2 Nc4) 21. Qe1 (21. Qf3 $11 Qd7 22. Re1) 21... Na4 $15 22. Na5 Qd7 {[%emt 0:10:17] Black has more active pieces.} (22... Nxb2 23. Qxe8+ Rxe8 24. Nxb7 $15) 23. Bc1 Qd1 ({Better is} 23... b6 $17 24. Nc4 Nc5) 24. Qxd1 $2 {[%emt 0:04:25] This costs White the game.} ({White must play} 24. Be3 $15 Qd7 25. Qc1) 24... Rxd1 $19 25. Nc4 {[%emt 0:00:04] [#] White is weak on the light squares} Rxf1+ $1 26. Kxf1 Bd3+ 27. Ke1 Bxc4 28. Kd2 Be6 29. f3 b6 30. g4 f5 31. h3 (31. Kc2 {was worth a try.}) 31... f4 {[%emt 0:00:14] Black is clearly winning.} 32. Rb1 Bd5 33. Ke2 Bxa2 34. Ra1 Bc4+ 35. Kd2 b5 {[%emt 0:02:55] Weighted Error Value: White=0.32/Black=0.10 (very precise)   Loses game:     	White=1     	---        Mistake:       	White=2     	Black=2      Inaccurate:     	White=3     	---        OK:         	White=6     	Black=12     Best:        	White=1     	---} 0-1

[Event "8th Montevideo Open 2025"]
[Site "Montevideo"]
[Date "2025.02.01"]
[Round "2.5"]
[White "Lanzilotta, Marcelo"]
[Black "Villegas, Franco"]
[Result "0-1"]
[Annotator "TA"]
[ECO "B22"]
[WhiteElo "1958"]
[BlackElo "2325"]
[PlyCount "62"]
[EventDate "2025.02.01"]
[EventType "swiss"]
[EventCountry "URU"]
[SourceTitle "playchess.com"]
[Source "ChessBase"]
[SourceQuality "1"]
[TimeControl "5400+30"]

1. e4 c5 2. c3 Nf6 3. d3 d5 4. e5 Ng4 5. d4 Nc6 6. Nf3 (6. dxc5 Ngxe5 (6... Ncxe5 7. b4 $11) 7. Nd2 Ng6 $15) 6... cxd4 7. cxd4 g6 8. Nc3 {[%emt 0:02:37] White is better.} f6 9. Be2 (9. h3 $16) 9... Bg7 $11 10. h3 fxe5 $1 11. hxg4 {[%emt 0:01:16] Strongly threatening Nxe5.} (11. dxe5 {simplifies} Ngxe5 12. Qxd5 Qxd5 13. Nxd5 Nxf3+ 14. Bxf3 O-O 15. Bd1) 11... exd4 12. Nb5 e5 13. Bg5 Qd7 14. Bh6 (14. Qd2 $5) 14... Bxh6 15. Rxh6 a6 16. Nbxd4 exd4 17. Nxd4 Qg7 18. Nxc6 bxc6 19. Qd2 O-O 20. Rh3 Rb8 21. Rc3 Qe5 22. Qe3 {[%emt 0:08:18] [#]} (22. Kf1 $11) 22... Qxe3 ({Better is} 22... Qh2 $1 $17 {[%cal Rh2g1] White must now prevent ...Qg1+.} 23. O-O-O Qxg2 24. Rxc6 (24. Bf3 $2 Rxf3 25. Qxf3 Qxf3 $19) 24... Bxg4 (24... Rxf2 25. Qe5 $14) 25. Bxg4 Qxg4) 23. fxe3 Rxb2 24. Rxc6 d4 25. Bc4+ (25. Bxa6 $2 {too greedy.} Bxa6 (25... Bxg4 26. exd4 Rxg2 27. Rac1 $19) 26. O-O-O Rff2 (26... Rxg2 $2 27. Rxa6 dxe3 28. Re1 $19) (26... Rxa2 $2 27. Kb1 $19) 27. Rxd4 Rxa2 $19) (25. exd4 Re8 26. Kf1 Rexe2 $19 (26... Rbxe2 27. Rxc8 Rxc8 28. Kxe2 $11)) (25. Rac1 $11 {remains equal.} Bb7 26. R6c2 Rxc2 27. Rxc2 dxe3 28. g3) 25... Kh8 $17 {[%emt 0:00:51] Black is more active.} 26. O-O-O Rxg2 27. exd4 Bxg4 28. Rh1 {[%emt 0:00:00] [#]} (28. Rd2 $17 Bf3 29. Rxa6) 28... Bf5 $1 $19 {[%emt 0:01:27] aiming for ...Rc2+.} 29. Bxa6 $2 (29. Be6) 29... Rb8 30. Kd1 Rb1+ 31. Rc1 Bc2+ {[%emt 0:00:06] Weighted Error Value: White=0.70/Black=0.09 (flawless) .  Mistake:       	White=5     	Black=1      Inaccurate:     	White=3     	Black=3      OK:         	White=7     	Black=11     Best:        	White=1     	Black=2      Strong:       	---       	Black=1} 0-1

[Event "8th Montevideo Open 2025"]
[Site "Montevideo"]
[Date "2025.02.01"]
[Round "2.6"]
[White "Larrea, Manuel"]
[Black "Izquierdo, Sebastian"]
[Result "1-0"]
[Annotator "TA"]
[ECO "B12"]
[WhiteElo "2265"]
[BlackElo "1970"]
[PlyCount "49"]
[EventDate "2025.02.01"]
[EventType "swiss"]
[EventCountry "URU"]
[SourceTitle "playchess.com"]
[Source "ChessBase"]
[SourceQuality "1"]
[TimeControl "5400+30"]

1. e4 c6 2. d4 d5 3. e5 Bf5 4. c4 e6 5. Nc3 h6 6. cxd5 {[%emt 0:04:24] B12: Caro-Kann: Advance Variation.} exd5 (6... cxd5 $11 7. Bb5+ Nc6) 7. Nge2 $146 (7. Bd3 Bxd3 8. Qxd3 a5 9. Nf3 Qd7 10. O-O b5 11. Re1 Qe6 12. Nh4 g5 13. Nf5 Nf6 14. Bxg5 hxg5 15. exf6 {1-0 Rocek,V (1068)-Ducharme,S (770) SN-2019-0-00998}) 7... Qd7 8. Nf4 {[%emt 0:08:00] White is better.} g5 9. Nh5 Bg4 (9... c5 $142) 10. Be2 $16 Bxe2 11. Qxe2 Na6 12. f4 {[%emt 0:02:38][%cal Bf2f4,Bf4f5][%mdl 32] White has more active pieces.} g4 {[%emt 0:04:47] [#]} (12... O-O-O $16 13. O-O (13. fxg5 Be7 $16) 13... Nc7) 13. O-O $1 $18 O-O-O 14. f5 Bb4 15. Qxg4 Ne7 16. Nf6 Qc7 17. Bf4 Qb6 18. Rad1 Bxc3 (18... Nc7 $142 19. Qh5 a6) 19. bxc3 {[%emt 0:00:09] White is clearly winning.} Qb2 20. Qg7 Rhg8 21. Nxg8 Rxg8 {[%emt 0:00:09] [#]} 22. Rd2 $1 (22. Qxf7 $2 Qxg2#) 22... Rxg7 23. Rxb2 {[%emt 0:00:06] f6 would now be deadly.} Nxf5 24. Bc1 Ne7 25. Rbf2 {[%emt 0:13:46] White took control after the opening.   Weighted Error Value: White=0.18 (very precise) /Black=0.52  Mistake:       	---       	Black=4      Inaccurate:     	White=1     	Black=1      OK:         	White=6     	Black=5      Best:        	White=2     	---        Strong:       	White=1     	---} 1-0

[Event "8th Montevideo Open 2025"]
[Site "Montevideo"]
[Date "2025.02.01"]
[Round "2.7"]
[White "Varela, Mateo"]
[Black "De Dovitiis, Alejo"]
[Result "0-1"]
[Annotator "TA"]
[ECO "B15"]
[WhiteElo "1955"]
[BlackElo "2225"]
[PlyCount "120"]
[EventDate "2025.02.01"]
[EventType "swiss"]
[EventCountry "URU"]
[SourceTitle "playchess.com"]
[Source "ChessBase"]
[SourceQuality "1"]
[TimeControl "5400+30"]

1. e4 c6 2. Nc3 d5 3. Nf3 g6 4. d4 Bg7 5. Be2 Nh6 6. e5 {[%emt 0:05:43] B15: Caro-Kann: 3 Nc3: 3...g6 and 3...dxe4 4 Nxe4 Nf6 5 Nxf6+ exf6.} (6. O-O $16) 6... f6 $11 7. h4 $146 (7. O-O Nf7 8. exf6 Bxf6 9. Bf4 Nd7 10. Re1 O-O 11. Bf1 Qb6 12. Rb1 e5 13. dxe5 Nfxe5 14. Nxe5 Bxe5 15. Bxe5 Qxf2+ {1-0 Bodnaruk,A (2333)-Bhakti,K (2363) Speed Chess (Women) Play In 4 blitz 2024 (4)}) 7... Nf7 8. exf6 {The position is equal.} exf6 9. Bf4 Bg4 10. Qd2 Nd7 11. O-O-O O-O 12. Bd3 b5 13. Rdg1 Nb6 $1 14. Nh2 Bd7 15. g4 Nc4 16. Bxc4 dxc4 17. g5 (17. Ne4 $1 $11 {remains equal.}) 17... f5 (17... fxg5 $17 18. hxg5 c5) 18. h5 b4 19. hxg6 hxg6 20. Nb1 (20. Na4 $17 c5 21. Nxc5) 20... Be6 (20... c5 $1 $19 {Threatens to win with ...Bc6.} 21. dxc5 Bc6 22. Qxd8 Raxd8) 21. Qxb4 (21. Nf3 $15) 21... Qxd4 $19 {[%emt 0:00:17] Black attacks} 22. Be3 {[%emt 0:01:36] [#]} Qe5 (22... Qd7 $1 $19 23. Nc3 Rfb8) 23. Nc3 $2 (23. Nf3 $15 Qd5 24. Nh4 (24. Nbd2 $2 Rfb8 $19)) 23... Rab8 24. Qa3 Bd5 {[%emt 0:02:18] Prevents Nf3} 25. Bc5 $2 (25. Re1 {was called for.}) 25... Bxh1 26. Rxh1 Rfd8 27. Be3 f4 28. Bxa7 Ra8 29. Qc5 Qxg5 30. Qxg5 Nxg5 31. Bb6 Rdb8 32. Bc7 Rf8 33. Rg1 $2 (33. Ng4 {is the only way for White.}) 33... Ne6 34. Bd6 Rfd8 35. Be7 Rd7 36. Bh4 Kf7 37. Nf3 Ra5 38. a3 (38. Ne4 $142) 38... Rh5 (38... Bxc3 $142 39. bxc3 Rdd5 (39... Rxa3 40. Ne5+ Ke8 41. Kb2 $15)) 39. Ne4 Nd4 40. Neg5+ Kg8 41. Re1 {[%emt 0:00:11] Prevents Ne2+.} (41. Nxd4 Bxd4 (41... Rxh4 $2 42. Ndf3 $19) (41... Rxd4 $2 42. Nf3 $19) 42. Nf3) 41... Nxf3 42. Re8+ Bf8 43. Nxf3 Rhd5 44. Kb1 c3 45. Ne5 $2 (45. b4) 45... Rb7 (45... Rxe5 $142 46. Rxe5 Rd1+ 47. Ka2 cxb2 48. Kxb2 Bg7) 46. b3 (46. b4 $142 Kg7 47. Nxc6) 46... Rd1+ 47. Ka2 Rc1 48. Nxg6 Kf7 ({Black should try} 48... Rxc2+ $19 49. Kb1 Rb2+ (49... Rxb3+ $2 {loses.} 50. Kxc2 Rxa3 51. Nxf8 $18) 50. Kc1 R7xb3 51. Rxf8+ Kh7 (51... Kg7 52. Rxf4 Rb1+ 53. Kc2 $17)) 49. Rxf8+ $15 Kxg6 {[%emt 0:00:04][%mdl 4096] Endgame KRR-KRB} 50. b4 $1 Rxc2+ 51. Kb3 Rc1 52. Rxf4 Rf7 53. Rc4 Rf3 54. Rxc6+ Kh5 55. Bg3 Rb1+ 56. Ka2 Rb2+ {[%emt 0:00:15][%mdl 1024] Black has compensation.} 57. Ka1 {[%emt 0:00:01][%cal Oc6c3] Rxc3! is the strong threat.} Re2 58. Kb1 Rd3 59. Kc1 {[%emt 0:00:19] Wards off Rd1+} Ra2 60. Be5 $2 {[%emt 0:00:36][%mdl 8192] [#]} (60. b5 $11) 60... Rh3 $1 {[%emt 0:00:46] Weighted Error Value: White=0.81/Black=0.60  Loses game:     	White=2     	---        Missed win:     	---       	Black=1      Mistake:       	White=9     	Black=5      Inaccurate:     	White=5     	Black=4      OK:         	White=14    	Black=17     Best:        	White=4     	Black=2      Strong:       	White=1     	Black=2} ({Stronger than} 60... Rxf2 61. Rxc3 (61. Bxc3 Rg3 $11) 61... Rdd2 62. Rh3+ Kg4 63. Rh1 $11) (60... Rxa3 61. b5 $11) 0-1

[Event "8th Montevideo Open 2025"]
[Site "Montevideo"]
[Date "2025.02.01"]
[Round "2.8"]
[White "Coppola, Claudio"]
[Black "Guillen Ramirez, Jose Antonio"]
[Result "1-0"]
[Annotator "TA"]
[ECO "E18"]
[WhiteElo "2220"]
[BlackElo "2114"]
[PlyCount "35"]
[EventDate "2025.02.01"]
[EventType "swiss"]
[EventCountry "URU"]
[SourceTitle "playchess.com"]
[Source "ChessBase"]
[SourceQuality "1"]
[TimeControl "5400+30"]

1. d4 Nf6 2. c4 e6 3. g3 Be7 4. Bg2 d5 5. Nf3 O-O 6. O-O b6 7. cxd5 exd5 8. Nc3 Bb7 9. Bf4 Nh5 10. Qc2 $146 {[%emt 0:07:05] E18: Queen's Indian: Old Main Line (4 g3 Bb7 5 Bg2 Be7 6 0-0 0-0 7 Nc3).} (10. Bd2 Nf6 11. Rc1 Nbd7 12. Qc2 c5 13. Rfd1 a6 14. dxc5 bxc5 15. Nh4 Re8 16. Nf5 Qc8 17. Qb3 c4 18. Nxe7+ Rxe7 19. Qa3 {1-0 Lenderman,A (2634)-Livaic,L (2507) PNWCC Online blitz JP 9th 2020 (11)}) 10... Nxf4 11. gxf4 c5 (11... c6 $11) 12. dxc5 $16 {[%emt 0:03:13] White is better. White is more active.} Na6 13. cxb6 $40 {[%emt 0:08:16][%mdl 128] Black is in trouble.} Qxb6 14. Rfd1 Qh6 15. e3 (15. Nxd5 $2 {is the wrong capture.} Bxd5 16. Rxd5 Nb4 $19 (16... Qxf4 17. Qf5 $16)) 15... Qh5 {[%emt 0:01:25] [#]} (15... Bf6 $16 16. Qf5 (16. Nxd5 Bxd5 17. Rxd5 Nb4 $17) 16... Nc7) 16. Nxd5 $1 $18 Bxd5 {[%emt 0:00:43] [#]} (16... Kh8 17. Qe4) 17. Rxd5 Qxd5 {[%emt 0:00:13] [#]} (17... Nb4 18. Rxh5) 18. Ng5 $1 {[%emt 0:00:07][%mdl 512] White took control after the opening.   Weighted Error Value: White=0.04 (flawless) /Black=0.69  Mistake:       	---       	Black=2      Inaccurate:     	---       	Black=3      OK:         	White=5     	Black=1      Brilliant:      	White=2     	---} 1-0

[Event "8th Montevideo Open 2025"]
[Site "Montevideo"]
[Date "2025.02.01"]
[Round "2.9"]
[White "Durante, Aurelio"]
[Black "Carbone, Diego"]
[Result "0-1"]
[Annotator "TA"]
[ECO "C45"]
[WhiteElo "1950"]
[BlackElo "2216"]
[PlyCount "126"]
[EventDate "2025.02.01"]
[EventType "swiss"]
[EventCountry "URU"]
[SourceTitle "playchess.com"]
[Source "ChessBase"]
[SourceQuality "1"]
[TimeControl "5400+30"]

1. e4 e5 2. Nf3 Nc6 3. d4 exd4 4. Nxd4 Nf6 5. Nxc6 bxc6 6. e5 Qe7 7. Qe2 Nd5 8. a3 {[%emt 0:00:51] 8.h4 is a critical line. C45: Scotch Game.} (8. c4 $11 Ba6 9. g3) 8... a5 (8... g6 $1 $17) 9. c4 $11 Ba6 10. Qe4 {[%emt 0:01:15] Black is slightly better.} Nb6 11. Nc3 Qe6 12. b3 {[%emt 0:05:54] [#]} (12. Be2 $15 {might be stronger.}) 12... a4 $1 $17 13. Nxa4 (13. b4 Bxc4) 13... Nxa4 14. bxa4 Bc5 {[%emt 0:07:02] Black sacrificed a pawn} (14... d5 $17 15. Qe3 Be7 (15... dxc4 16. Be2 $11) (15... Bxc4 16. Bxc4 dxc4 17. O-O $15)) 15. Bd3 $11 d5 16. exd6 cxd6 17. Be3 $146 (17. O-O Qxe4 18. Bxe4 d5 19. Bd3 O-O 20. Re1 Bd4 21. Rb1 Bxc4 22. Bxc4 dxc4 23. Re4 {0-1 Munoz,R (2040)-Obiamiwe,P (1903) Gibraltar Masters 17th 2019 (8)}) 17... Bxe3 18. fxe3 Qxe4 19. Bxe4 Kd7 20. Bd3 Rhe8 {[%emt 0:17:32][%mdl 1024] Black has compensation.} 21. Kd2 Re5 22. Rhf1 f6 23. Rab1 Kc7 24. Rf4 Rae8 (24... Bc8 $15) 25. Re1 (25. Bxh7 Rxe3 26. Bd3 d5 $15) (25. Rg4 $11 R8e7 26. Bxh7) 25... Ra5 26. Bc2 Bc8 27. g4 Bd7 28. h4 h6 29. Rb1 Ree5 30. e4 c5 31. Kc3 Bxa4 32. Bd3 Bc6 33. Kb3 (33. Ra1 $142) 33... Ra8 34. Rg1 Rae8 {[%emt 0:02:26][%cal Rc6e4] Black is more active.} 35. g5 Bxe4 (35... fxg5 $15 36. hxg5 Bxe4 (36... Rxg5 37. Rf7+ Kb6 38. Rxg5 $11) 37. Bxe4 Rxe4 38. Rxe4 Rxe4) 36. gxf6 $2 (36. Rxe4 $11 Rxe4 37. Bxe4 Rxe4 38. gxh6 gxh6 (38... Rxh4 $2 39. hxg7 f5 40. g8=Q $18) 39. h5) 36... gxf6 $2 (36... Bxd3 $19 37. Rxg7+ Kd8) 37. Bxe4 Rxe4 38. Rxf6 (38. Rg7+ $11 {remains equal.} Kc6 39. Rxe4 Rxe4 40. Rg6) 38... Rxh4 $15 {[%emt 0:01:51][%mdl 4096] Endgame KRR-KRR. Black is a pawn up.} 39. Rg7+ (39. Rg3 $1 $15) 39... Kc6 $17 40. Rf3 {[%emt 0:01:30] Repels Re3+} (40. Rg3 $17) 40... h5 41. Ra7 Ree4 (41... Rd4 $17 {Hoping for ...h4.} 42. Rff7 Re3+ 43. Kb2 Rxc4 44. Ra6+ Kb5 (44... Kd5 45. Rf6 $17) 45. Rxd6 Rcc3 46. a4+ Kxa4 47. Ra7+ Kb5) 42. Ra6+ $11 Kd7 43. Rd3 (43. Rf6 $1 $11) 43... Rd4 $1 $17 (43... Rxc4 $6 44. Rdxd6+ Kc8 45. Ra8+ Kb7 46. Rad8 $11) 44. Rg3 (44. Rxd4 $17 Rxd4 45. a4) 44... Rhg4 (44... Rxc4 45. Rg7+ Ke6 46. Rg6+ Kf5 47. Raxd6 $17) (44... Ke6 $19 45. Rc3 (45. Rg6+ $2 Ke5 $19) 45... Ke5) 45. Rc3 (45. Rxg4 $1 $15 hxg4 46. Ra7+ Ke6 47. a4) 45... h4 $19 46. Ra7+ Ke6 47. a4 Rg1 ({Better is} 47... Rd1 $19 48. Rh7 Rb1+ 49. Ka2 Rb4) 48. Re3+ ({White should try} 48. a5) 48... Kf5 49. a5 Rb1+ 50. Ka2 Rb4 51. Ra3 (51. a6 $17 {was worth a try.}) 51... Rd2+ ({Don't take} 51... Rdxc4 52. a6 $17) 52. Ka1 Rxc4 53. Rf7+ Ke6 54. Rf1 {[%emt 0:00:09] [#] And now a6 would win. Prevents Rc1+} Rg4 (54... Rdd4 55. a6 Ra4 56. Rff3 Rd1+ 57. Kb2 Rd2+ 58. Kb3 Rxa3+ 59. Kxa3 $16) (54... Rg2 $1 $19 55. a6 Rg8) 55. a6 $17 {[%emt 0:00:17] [#]} Rg8 $1 ({Not} 55... Rg3 $2 56. Rxg3 Rd4 57. Ra3 $18) 56. a7 Ra8 57. Rb1 $2 {[%emt 0:01:31][%mdl 8192] [#]} (57. Rh1 $17) 57... h3 $1 $19 {[%emt 0:00:14] Black is clearly winning.} 58. Re1+ Kd5 59. Rxh3 Rxa7+ 60. Kb1 c4 61. Kc1 Rda2 {[%emt 0:00:57] ( -> ...Ra1+)} 62. Rd1+ Kc6 63. Rh6 Ra1+ {[%emt 0:00:09] Weighted Error Value: White=0.52/Black=0.28 (precise)   Loses game:     	White=2     	---        Missed win:     	---       	Black=1      Mistake:       	White=11    	Black=8      Inaccurate:     	White=3     	Black=3      OK:         	White=16    	Black=19     Best:        	White=5     	Black=2      Strong:       	---       	Black=2      Brilliant:      	---       	Black=1} 0-1

[Event "8th Montevideo Open 2025"]
[Site "Montevideo"]
[Date "2025.02.01"]
[Round "2.11"]
[White "Kulik, Nicolas"]
[Black "Dominguez, Facundo"]
[Result "0-1"]
[Annotator "TA"]
[ECO "C11"]
[WhiteElo "1922"]
[BlackElo "2159"]
[PlyCount "94"]
[EventDate "2025.02.01"]
[EventType "swiss"]
[EventCountry "URU"]
[SourceTitle "playchess.com"]
[Source "ChessBase"]
[SourceQuality "1"]
[TimeControl "5400+30"]

1. e4 e6 2. d4 d5 3. Nc3 Nf6 4. e5 Nfd7 5. f4 c5 6. Nf3 Nc6 7. Be3 a6 8. Ne2 {[%emt 0:00:09] C11: French: Classical System: 4 e5 and 4 Bg5 dxe4.} Be7 9. c3 O-O 10. h4 {[%emt 0:04:39] The position is equal.} f6 11. h5 cxd4 $146 (11... fxe5 {seems wilder.} 12. fxe5 Rf7 13. Qc2 Qa5) (11... fxe5 12. fxe5 b5 13. Nf4 Nb6 14. b3 c4 15. Qc2 Qe8 16. Rh3 Bd7 17. g4 Rc8 {1-0 Maerevoet,S (2437)-Baselmans,L (2306) BEL-chT 2324 2023 (11.3)}) 12. Nexd4 Nxd4 13. Bxd4 ({Better is} 13. cxd4 $14 Qa5+ 14. Kf2) 13... fxe5 $11 14. fxe5 Nc5 15. Qc2 b5 16. a4 (16. O-O-O $11 {remains equal.}) 16... Bd7 (16... Nxa4 $6 17. h6 g6 18. Bd3 $16) 17. Bxc5 (17. axb5 $15 axb5 18. Rxa8 Qxa8 19. Qb1) 17... Bxc5 $17 18. h6 g6 (18... bxa4 $2 19. hxg7 Rf5 20. g4 $18) 19. Bd3 Be8 (19... Qe7 $17 20. axb5 Bxb5) 20. b4 (20. axb5 $15 axb5 21. Rxa8 Qxa8 22. Ke2) 20... Bb6 (20... Be3 $19 21. Qe2 d4) 21. a5 (21. axb5 $142 axb5 (21... Bxb5 22. Bxg6 Qc7 23. Bd3 $11) 22. Rxa8 Qxa8 23. Ke2) 21... Ba7 (21... Be3 $17 22. Qe2 Bf4) 22. Qd2 $15 Rc8 23. Rc1 Qc7 24. Rh4 {[%emt 0:01:30] [#]} (24. Qg5 $11) 24... Rxf3 $1 $17 25. gxf3 {[%emt 0:00:01] and Qg5 would now be decisive} Qxe5+ 26. Qe2 {[%emt 0:01:00] [#]} (26. Kd1 $1 $15) 26... Be3 (26... Qf6 $1 $19 27. Kd2 Bd7 (27... Qxh4 28. Qxe6+ Kf8 29. Qxc8 $11)) 27. f4 Rxc3 $19 (27... Bxf4 28. Rxf4 Qxf4 29. Qxe6+ Kf8 30. Rc2) 28. Rd1 (28. fxe5 $17 Rxc1+ 29. Qd1 Bf2+ (29... Rxd1+ 30. Kxd1 Kf7 31. Kc2 $11) 30. Kxf2 Rxd1 31. Rh3) 28... Bxf4 (28... Qd4 29. Kf1 $17) 29. Qxe5 Bxe5 {[%emt 0:00:02] This pair of bishops is nice.} 30. Kd2 Rc7 31. Rf1 Bc3+ ({Black should play} 31... Bd6 $19 32. Be2 e5) 32. Kd1 $17 e5 (32... Bf7 $142 33. Rhf4 Kf8 34. Bxb5 e5 (34... axb5 35. a6 $16) 35. Rxf7+ Rxf7 36. Rxf7+ Kxf7 37. Bxa6 Bxb4) 33. Be2 (33. Rf2 $17) 33... e4 (33... Bd7 $19 {and Black stays clearly on top.} 34. Bd3 e4) 34. Rhf4 {[%emt 0:00:31] [#]} Bxb4 (34... Bf7 $2 35. Bg4 $18) (34... Rf7 $1 $17 {[%cal Rf7f4] White must now prevent ...Rxf4.} 35. Bg4 Rxf4 (35... Bxb4 $2 36. Be6 $18) 36. Rxf4 Bf7 (36... Bxb4 $2 37. Be6+ Kh8 38. Bxd5 $18)) 35. Bg4 Bd7 {[%emt 0:00:18] Repels Be6+} (35... Bxa5 36. Rf8#) 36. Bxd7 Rxd7 $11 {[%emt 0:00:01][%mdl 4096] Endgame KRR-KRB} 37. Rf6 Bd6 ({Inferior is} 37... Bxa5 38. Rf8#) 38. R1f2 Rd8 39. Re6 Bf8 40. Rxa6 d4 41. Raf6 $2 (41. Rf4 $11 Re8 (41... Bxh6 42. Rxe4 d3 43. Rae6 $16) 42. Rff6) 41... Bxh6 $19 42. a6 (42. Rc6 $142 d3 43. Rff6) 42... e3 43. Ra2 d3 44. Rd2 exd2 (44... Kg7 $142 45. Rb6 exd2 46. Rb7+ Kf6 47. Rxh7 Bg5 48. Rh3 Ra8 49. Rf3+ Ke6 50. Rg3 Bf4 51. Rf3 Ke5 52. a7 Rxa7 53. Re3+ Kf5 (53... Kd4 $2 54. Re4+ Kd5 55. Rxf4 $19) 54. Rxd3 Ra1+ 55. Kc2 Rc1+ (55... Ke4 {leads to mate.} 56. Rd7 Rc1+ 57. Kb3 d1=Q+ 58. Rxd1 Rxd1 59. Kb4 Kd5 60. Kc3 Rc1+ 61. Kb4 Bd6+ 62. Kxb5 Rb1+ 63. Ka5 g5 64. Ka4 Kc6 65. Ka5 Ra1#) 56. Kb3 d1=Q+ (56... d1=R $2 57. Rf3 $19) (56... Ke4 $2 57. Rd7 $19) 57. Rxd1 Rxd1 58. Ka2 Bd2 (58... Rd2+ 59. Kb3 Ke6 60. Kb4 Kd5 61. Kxb5 Rb2+ 62. Ka4 Be5 63. Ka5 Kc6 64. Ka4 Bd6 65. Ka5 Ra2#) 59. Kb3 Rc1 (59... Rb1+ 60. Kc2 Rc1+ 61. Kxd2 Rc8 62. Ke3 b4 63. Kf3 b3 64. Ke2 b2 65. Kf2 b1=Q 66. Kg3 Rc3+ 67. Kh2 Qa2+ 68. Kh1 Rc1#) 60. Ka2 Ke4 (60... Rc2+ 61. Kb1 Rc4 62. Ka2 Ke4 63. Kb2 Kd3 64. Kb3 Rb4+ 65. Ka3 Kc2 66. Ka2 Ra4#) 61. Kb2 Kd3 62. Ka3 Kc3 63. Ka2 Bh6 64. Ka3 Ra1#) 45. Rd6 Rc8 {[%emt 0:00:21][%csl Gd2,Gh6][%cal Rc8c1] Black mates.} (45... Rxd6 $2 46. a7 $17) 46. Rc6 Rxc6 47. a7 Rc1# {[%emt 0:00:04] Weighted Error Value: White=0.79/Black=0.45  Loses game:     	White=1     	---        Mistake:       	White=11    	Black=8      Inaccurate:     	White=2     	Black=4      OK:         	White=12    	Black=11     Best:        	White=2     	Black=1      Brilliant:      	---       	Black=1} 0-1